 Dungeon Crawl Stone Soup version 0.29.0-4-gdea44cf6ec (webtiles) character file.

Game seed: 8549293366652364631

486 qw the Chopper (level 7, -8/40 HPs)
             Began as a Tengu Warper on Aug 28, 2022.
             Mangled by Pikel
             ... wielding a +1 whip of flaming
              (9 damage)
             ... on level 4 of the Dungeon.
             The game lasted 00:00:19 (3963 turns).

qw the Chopper (Tengu Warper)                       Turns: 3963, Time: 00:00:19

Health: -8/40      AC:  8    Str: 18    XL:     7   Next: 13%
Magic:  11/11      EV:  8    Int: 13    God:
Gold:   211        SH:  5    Dex: 13    Spells: 10/10 levels left

rFire   . . .      SeeInvis .   Y - +0 hand axe (venom)
rCold   . . .      Faith    .   d - +1 buckler of the Heron {Str+4}
rNeg    . . .      Spirit   .   e - +0 chain mail
rPois   .          Reflect  .   (helmet restricted)
rElec   .          Harm     .   (no cloak)
rCorr   .          Rampage  .   (no gloves)
Will    .....                   (boots unavailable)
Stlth   ..........              (no amulet)
HPRegen 0.13/turn               (no ring)
MPRegen 0.12/turn               (no ring)

@: flying quickly and evasively, quick
A: beak, talons 3, nimble flight
a: no special abilities


You were on level 4 of the Dungeon.
You visited 1 branch of the dungeon, and saw 4 of its levels.

You collected 211 gold pieces.


Innate Abilities, Weirdness & Mutations

You have a beak for a mouth.
You have claws for feet.
Your magical nature lets you fly swiftly and evasively.


   Skills:
 + Level 2.8 Fighting
 - Level 7.3 Axes
 - Level 1.0 Throwing
 - Level 2.6 Armour
 - Level 2.1 Dodging
 - Level 1.0 Shields
 - Level 2.0 Spellcasting
 - Level 2.4 Translocations


You had 10 spell levels left.
You didn't know any spells.
Your spell library contained the following spells:

 Spells                   Type           Power      Damage    Failure   Level
 Blink                    Tloc           14%        N/A       95%         2
 Gell's Gravitas          Tloc           7%         N/A       99%         3
 Lesser Beckoning         Tloc           7%         N/A       99%         3
 Teleport Other           Tloc           7%         N/A       99%         3
 Manifold Assault         Tloc           7%         N/A       100%        5

Inventory:

Hand Weapons
 o - a +0 flail
 Y - a +0 hand axe of venom (weapon)
Armour
 d - the +1 buckler of the Heron (worn) {Str+4}
   (You found it on level 2 of the Dungeon)

   Str:       It affects your strength (+4).
 e - a +0 chain mail (worn)
Scrolls
 f - a scroll of identify
Potions
 a - a potion of invisibility {unknown}
 b - 3 potions of brilliance {unknown}
 g - a potion of resistance
 j - 2 potions of cancellation {unknown}
 l - a potion of ambrosia {unknown}

Dungeon Overview and Level Annotations

Branches:
Dungeon (4/15)
 Temple: D:4-7

Altars:
Gozag

Annotations:
D:4 Pikel


Message History

You hit the goblin. The goblin barely misses you.
You block the lemure's attack.
You hit the lemure. Your peck misses the lemure.
The lemure is almost dead.
You hit the goblin.
The goblin is poisoned.
The goblin barely misses you. The lemure hits you but does no damage.
You hit the lemure but do no damage.
The lemure looks as sick as possible!
The lemure is almost dead.
You barely miss the goblin.
You kill the lemure!
That felt strangely unrewarding.
You hit the goblin.
You kill the goblin!
Pikel hits you with a +1 whip of flaming.
Pikel burns you. The lemure hits you.
You barely miss Pikel. You claw Pikel. You peck Pikel, but do no damage.
Pikel is lightly wounded.
You hit the lemure.
The lemure is poisoned.
You block Pikel's attack. You block the lemure's attack.
You closely miss the lemure. You claw the lemure. You peck the lemure.
The lemure is heavily wounded.
You hit Pikel. You hit the lemure but do no damage.
The lemure is poisoned.
Pikel hits you with a +1 whip of flaming.
Pikel burns you. You block the lemure's attack. The lemure barely misses you.
You closely miss the lemure. You claw the lemure, but do no damage.
Your peck misses the lemure.
The lemure is heavily wounded.
You barely miss Pikel. You hit the lemure but do no damage.
The lemure looks as sick as possible!
You closely miss the lemure. You claw the lemure.
The lemure is heavily wounded.
You hit Pikel.
Pikel is poisoned.
You closely miss the lemure.
Pikel hits you with a +1 whip of flaming!
Pikel burns you. The lemure hits you but does no damage. The lemure hits you.
You barely miss the lemure. Your kick misses the lemure.
The lemure is heavily wounded.
You hit Pikel but do no damage.
Pikel looks even sicker.
You hit the lemure but do no damage.
The lemure looks as sick as possible!
Pikel hits you with a +1 whip of flaming!
You die...

#.# .#. #.##. #####..
.... .... #...#
##....#.#.# #...#
..#......... #...###
#.....#.#.. #...'..
..........#
#########.### ...#.#.#5#
#.......#.# # ..)..5K@#
#.#...#.#.# #
#.#.#.#.#5####......)#.#
#
..........##.'...<...'.#
#
..........#..#.......#.#
#
<##.......#.##.#...#.#.#
# #######...##.......#.#
# #.......'#########.# #
#.###...####.# #.###
#...##...#####.#.%


You could see Pikel (very poisoned) and 3 lemures.

Vanquished Creatures
  A lemure (D:4)
  A phantom (D:4)
  Blork the orc (D:4)
  3 scorpions (D:4)
  A hound (D:4)
  An orc wizard (D:4)
  6 adders
  A dart slug (D:3)
  7 orcs
  6 endoplasms
  2 giant cockroaches (D:2)
  6 hobgoblins
  3 jackals (D:4)
  2 quokkas
  6 ball pythons
  5 bats
  3 frilled lizards
  4 goblins
  5 kobolds
  3 rats
67 creatures vanquished.

Notes
Turn   | Place    | Note
-------+----------+-------------------------------------------
     0 | D:1      | qw the Tengu Warper began the quest for the Orb.
     0 | D:1      | Reached XP level 1. HP: 12/12 MP: 4/4
     0 | D:1      | 0 ||| qw: Version: 0.1-a-89-g26bdef1
     0 | D:1      | 0 ||| qw: Game counter: 1400
     0 | D:1      | 0 ||| qw: Always use a shield: true
     0 | D:1      | 0 ||| qw: God list: Okawaru
     0 | D:1      | 0 ||| qw: Allow faded altars: false
     0 | D:1      | 0 ||| qw: Do Orc after D:15 true
     0 | D:1      | 0 ||| qw: Do second Lair branch before Depths: true
     0 | D:1      | 0 ||| qw: Lair rune preference: random
     0 | D:1      | 0 ||| qw: Plans: Normal
     0 | D:1      | 0 ||| PLANNING D:1-11
   573 | D:1      | Reached skill level 3 in Axes
   573 | D:1      | Reached XP level 2. HP: 14/17 MP: 6/6
  1019 | D:1      | Found a faded altar of an unknown god.
  1363 | D:1      | 1363 ||| UPGRADING to +0 chain mail.
  1373 | D:1      | 1373 ||| DROPPING +0 leather armour.
  1374 | D:1      | 1374 ||| READING scroll labelled UPRARRU KUSULOAZIY.
  1375 | D:1      | 1375 ||| READING 3 scrolls labelled AFENNACAFE.
  1376 | D:1      | 1376 ||| READING scroll labelled YTU RIM ZAETHRA.
  1377 | D:1      | 1377 ||| READING 2 scrolls of identify.
  1377 | D:1      | 1377 ||| IDENTIFYING viscous brown potion
  1378 | D:1      | 1378 ||| DROPPING scroll of blinking.
  1511 | D:2      | Reached XP level 3. HP: 21/21 MP: 7/7
  1531 | D:2      | 1531 ||| Stepping ~*~*~tactically~*~*~ (stealth).
  1532 | D:2      | 1532 ||| Stepping ~*~*~tactically~*~*~ (stealth).
  1636 | D:2      | 1636 ||| Stepping ~*~*~tactically~*~*~ (stealth).
  1649 | D:2      | Reached skill level 4 in Axes
  1777 | D:2      | Identified the +1 buckler of the Heron {Str+4}
  1960 | D:2      | 1960 ||| DROPPING +0 club.
  2042 | D:2      | 2042 ||| UPGRADING to +1 buckler of the Heron {Str+4}.
  2047 | D:2      | 2047 ||| READING scroll labelled SUNEINT JOLEA.
  2148 | D:2      | 2148 ||| DRINKING 3 metallic blue potions.
  2149 | D:2      | 2149 ||| DROPPING 2 potions of attraction.
  2208 | D:3      | Reached skill level 1 in Shields
  2208 | D:3      | Reached XP level 4. HP: 26/26 MP: 8/8
  2224 | D:3      | Found an opulent altar of Gozag.
  2464 | D:3      | 2464 ||| DROPPING +0 whip.
  2488 | D:3      | 2488 ||| Stepping ~*~*~tactically~*~*~ (stealth).
  2498 | D:3      | 2498 ||| Stepping ~*~*~tactically~*~*~ (stealth).
  2499 | D:3      | 2499 ||| Stepping ~*~*~tactically~*~*~ (stealth).
  2563 | D:3      | Reached skill level 5 in Axes
  3016 | D:3      | 3016 ||| READING scroll labelled CEXYN AFAI.
  3017 | D:3      | 3017 ||| READING scroll labelled VETTIM DEOD.
  3018 | D:3      | 3018 ||| READING scroll labelled DASUICW GUGUF.
  3021 | D:3      | 3021 ||| READING scroll labelled GEDYOGH CEHUY.
  3022 | D:3      | 3022 ||| READING scroll labelled UPIODE SOPHOTIATUA.
  3023 | D:3      | 3023 ||| DRINKING 3 red potions.
  3128 | D:3      | 3128 ||| DRINKING 2 bubbling emerald potions.
  3129 | D:3      | 3129 ||| DROPPING 2 potions of berserk rage.
  3130 | D:3      | 3130 ||| DROPPING potion of magic.
  3148 | D:4      | Noticed a phantom
  3163 | D:4      | Killed a phantom
  3164 | D:4      | Reached skill level 6 in Axes
  3164 | D:4      | Gained mutation: Your magical nature lets you fly swiftly
                  | and evasively. [Tengu growth]
  3164 | D:4      | Reached XP level 5. HP: 12/30 MP: 9/9
  3164 | D:4      | 3164 ||| STAIRDANCE
  3355 | D:4      | Reached XP level 6. HP: 31/35 MP: 10/10
  3445 | D:4      | Noticed Blork the orc
  3453 | D:4      | Killed Blork the orc
  3600 | D:4      | 3600 ||| Stepping ~*~*~tactically~*~*~ (stealth).
  3609 | D:4      | Reached skill level 7 in Axes
  3623 | D:4      | Reached XP level 7. HP: 28/40 MP: 11/11
  3801 | D:4      | 3801 ||| Stepping ~*~*~tactically~*~*~ (stealth).
  3804 | D:4      | 3804 ||| Stepping ~*~*~tactically~*~*~ (stealth).
  3914 | D:4      | 3914 ||| Stepping ~*~*~tactically~*~*~ (stealth).
  3917 | D:4      | 3917 ||| Stepping ~*~*~tactically~*~*~ (stealth).
  3937 | D:4      | 3937 ||| Stepping ~*~*~tactically~*~*~ (stealth).
  3938 | D:4      | 3938 ||| Stepping ~*~*~tactically~*~*~ (stealth).
  3939 | D:4      | 3939 ||| Stepping ~*~*~tactically~*~*~ (stealth).
  3944 | D:4      | Noticed Pikel
  3947 | D:4      | 3947 ||| Stepping ~*~*~tactically~*~*~ (stealth).
  3948 | D:4      | 3948 ||| Stepping ~*~*~tactically~*~*~ (stealth).
  3962 | D:4      | HP: 7/40 [Pikel/+1 whip of flaming (9)]
  3962 | D:4      | HP: 1/40 [lemure[Pikel] (4)]
  3963 | D:4      | Mangled by Pikel

Levels and vault maps discovered:
D:1:      lemuel_arrival_funnel, layout_loops_corners,
          hellmonk_ecumenical_altar_slurped_away
D:2:      layout_rooms
D:3:      layout_basic, lemuel_round_altar
D:4:      layout_basic, minmay_misc_feat_more_columns,
          kennysheep_big_empty_room, hangedman_decor_riveting,
          kennysheep_small_square, uniq_pikel, uniq_ijyb, uniq_blork_the_orc

Skill      XL: |  1  2  3  4  5  6 |
---------------+-------------------+-----
Axes           | 3 4 6 7 |  7.3
Shields        | 1 |  1.0
Armour         | 2 |  2.6
Fighting       | |  2.8
Throwing       | |  1.0
Dodging        | |  2.1
Spellcasting   | |  2.0
Translocations | |  2.4

Action                   |  1- 3 |  4- 6 |  7- 9 || total
-------------------------+-------+-------+-------++-------
Melee: Hand axe          |    71 |    75 |    25 ||   171
       Kick              |    19 |    21 |    12 ||    52
       Peck              |     9 |     7 |     5 ||    21
       Punch             |     1 |       |       ||     1
Throw: Boomerang         |     7 |       |       ||     7
  Use: Scroll            |     5 |     5 |       ||    10
       Potion            |     1 |     2 |       ||     3
Armor: Leather armour    |    10 |       |       ||    10
       Chain mail        |    15 |    26 |     7 ||    48
Dodge: Dodged            |    29 |    20 |     7 ||    56
Block: Buckler           |       |    13 |     6 ||    19

Table legend:
 A = Non-vault XP
 B = Vault XP
 C = Vault XP percentage of total XP
 D = Non-vault monster count
 E = Vault monster count
 F = Vault count percentage of total count
                 A         B        C        D         E       F
            +---------+---------+-------+---------+---------+-------
      Total |     497 |     198 |  28.5 |      62 |       4 |   6.1
            +---------+---------+-------+---------+---------+-------
        D:1 |      23 |       2 |   8.0 |      15 |       1 |   6.2
        D:2 |      47 |       0 |   0.0 |      15 |       0 |   0.0
        D:3 |      81 |       0 |   0.0 |      16 |       0 |   0.0
        D:4 |     346 |     196 |  36.2 |      16 |       3 |  15.8
            +---------+---------+-------+---------+---------+-------
